 Dungeon Crawl Stone Soup version 0.31-a0-1161-g593ecc88b7 (webtiles) character file.

Game seed: 5416760291331520329

27 Maratek the Digger (level 3, -5/25 HPs)
             Began as a Gnoll Wanderer on Dec 8, 2023.
             Slain by Natasha (7 damage)
             ... on level 2 of the Dungeon.
             The game lasted 00:00:54 (579 turns).

Maratek the Digger (Gnoll Wanderer)                  Turns: 579, Time: 00:00:56

Health: -5/25      AC:  7    Str: 14    XL:     3   Next: 10%
Magic:  7/7        EV:  9    Int: 10    God:
Gold:   25         SH:  0    Dex: 11    Spells: 6/7 levels left

rFire   . . .        a - +2 mace
rCold   + . .        (no shield)
rNeg    . . .        b - +0 scale mail
rPois   +            (no helmet)
rElec   .            (no cloak)
rCorr   .            (no gloves)
SInv    .            (no boots)
Will    .....        (no amulet) Stlth
                     j - ring of poison resistance
HPRegen 0.24/turn    m - ring of protection from cold
MPRegen 0.10/turn

%: no passive effects
@: no status effects
A: fangs 1, strong nose, distributed training
a: no special abilities


You were on level 2 of the Dungeon.
You visited 1 branch of the dungeon, and saw 2 of its levels.

You collected 25 gold pieces.

Inventory:

Hand Weapons
 a - a +2 mace (weapon)
Armour
 b - a +0 scale mail (worn)
Jewellery
 j - a ring of poison resistance (left hand)
 m - a ring of protection from cold (right hand)
Scrolls
 c - a scroll of fear
 f - a scroll of identify {unknown}
 g - a scroll of teleportation {unknown}
Potions
 d - a potion of degeneration {unknown}
 e - a potion of curing {unknown}
 h - a potion of heal wounds {unknown}
 i - a potion of invisibility {unknown}
 k - a potion of mutation {unknown}
 l - a potion of might {unknown}


   Skills:
 + Level 0.6 Fighting
 + Level 0.6 Short Blades
 + Level 0.6 Long Blades
 + Level 0.6 Axes
 + Level 4.5 Maces & Flails
 + Level 0.6 Polearms
 + Level 0.6 Staves
 + Level 0.6 Ranged Weapons
 + Level 0.6 Throwing
 + Level 4.5 Armour
 + Level 0.6 Dodging
 + Level 0.6 Stealth
 + Level 0.6 Shields
 + Level 0.6 Unarmed Combat
 + Level 2.8 Spellcasting
 + Level 0.4 Conjurations
 + Level 0.4 Hexes
 + Level 0.4 Summonings
 + Level 0.4 Necromancy
 + Level 0.4 Translocations
 + Level 0.4 Transmutations
 + Level 0.4 Fire Magic
 + Level 0.4 Ice Magic
 + Level 0.4 Air Magic
 + Level 5.4 Earth Magic
 + Level 0.4 Poison Magic
 + Level 0.8 Invocations
 + Level 4.5 Evocations
 + Level 0.5 Shapeshifting


You had 6 spell levels left.
You knew the following spells:

 Your Spells              Type           Power      Damage    Failure   Level
a - Sandblast             Erth           24%        2d8       12%         1

Your spell library contained the following spells:

 Spells                   Type           Power      Damage    Failure   Level
 Stone Arrow              Conj/Erth      14%        3d7       71%         3


Dungeon Overview and Level Annotations

Branches:
Dungeon (1/15)

Altars:

Annotations:
D:2 Natasha


Innate Abilities, Weirdness & Mutations

You have very sharp teeth.
Your uncanny sense of smell can sniff out nearby items.
Your experience applies equally to all skills.


Message History

You sock the bat!
You kill the bat!
No target in view!
No target in view!
No target in view!
No target in view!
Natasha and a goblin come into view.
The goblin is wielding a +1 dagger of electrocution.
Natasha hisses angrily.
The goblin shouts!
There are monsters nearby!
You closely miss Natasha. Natasha casts a spell at you.
The magic dart hits you.
You hit Natasha but do no damage. Your bite misses Natasha.
Natasha casts a spell.
The goblin hits you with a +1 dagger of electrocution.
You hit Natasha.
Natasha is lightly wounded.
Natasha mumbles some strange words.
The goblin hits you but does no damage.
You are electrocuted!!
Ouch! That really hurt!
* * * LOW HITPOINT WARNING * * *
The cerulean imp hits you but does no damage.
Natasha completely misses you.
You are too injured to fight recklessly!
Unknown command.
You are too injured to fight recklessly!
Unknown command.
You are too injured to fight recklessly!
Unknown command.
You are too injured to fight recklessly!
Unknown command.
You are too injured to fight recklessly!
You sock Natasha!
Natasha is heavily wounded.
The goblin hits you with a +1 dagger of electrocution.
* * * LOW HITPOINT WARNING * * *
The cerulean imp barely misses you. Natasha claws you!
You die...
Natasha curls up and begins to purr.

#....##.##..
#....##.##..
#....##.##.. ####
#....##.##.. #...
#####....##.##.. #...
#.......###.##(. #..5
#.......#.......
#5.h##.......#.####..
#..g@............#...
#.............##.#.##
#.............##...#.
#.............######.
...?............# #.
..###...........# #.
### #......>....# #.
#...........######.
##########.#..)....


You could see Natasha, 2 cerulean imps and a goblin.

Vanquished Creatures
  A worm (D:2)
  A dart slug (D:1)
  3 bats
  An endoplasm (D:1)
  3 giant cockroaches
  A hobgoblin (D:1)
  A quokka (D:1)
  2 ball pythons (D:1)
  2 frilled lizards (D:1)
  4 kobolds
  4 rats (D:1)
23 creatures vanquished.

Notes
Turn   | Place    | Note
-------+----------+-------------------------------------------
     0 | D:1      | Maratek the Gnoll Wanderer began the quest for the Orb.
     0 | D:1      | Maratek set off with the following items: a +2 mace, a +0
                  | scale mail, a scroll of fear; and the following spell
                  | memorised: Sandblast; and the following spells available to
                  | memorise: Stone Arrow.
     0 | D:1      | Reached XP level 1. HP: 13/13 MP: 4/4
    67 | D:1      | Reached XP level 2. HP: 18/19 MP: 5/5
   409 | D:1      | You fall into a shaft and drop 1 floor!
   515 | D:2      | Reached XP level 3. HP: 25/25 MP: 7/7
   574 | D:2      | Noticed Natasha
   579 | D:2      | Slain by Natasha

Illustrated notes

Levels and vault maps discovered:
D:1:      ncdulo_halloftheorcs, layout_basic
D:2:      layout_basic, basic_ecumenical_altar, uniq_natasha

Action                     || total
---------------------------++-------
  Melee: Mace              ||    76
         Bite              ||     4
 Armour: Scale mail        ||    64
  Dodge: Dodged            ||    47

Table legend: (Time is in decaauts)
 A = Elapsed time spent in this place.
 B = Non-inter-level travel time spent in this place.
 C = Inter-level travel time spent in this place.
 D = Time resting spent in this place.
 E = Time spent auto-exploring this place.
 F = Levels seen in this place.
 G = Mean time per level.
                   A        B        C        D        E       F      G
               +--------+--------+--------+--------+--------+-----+--------+
         Total |    590 |    590 |      0 |      0 |    417 |   2 |  295.0 |
       Dungeon |    590 |    590 |      0 |      0 |    417 |   2 |  295.0 |
               +--------+--------+--------+--------+--------+-----+--------+

Top non-repeatable levels by time:
     D:1: 417 daAuts
     D:2: 173 daAuts
